 Dungeon Crawl Stone Soup version 0.20.1-1-g8b1a95d (webtiles) character file.

60 Iscandelvey the Skirmisher (level 4, -7/40 HPs)
             Began as a Hill Orc Fighter on Dec 13, 2017.
             Mangled by Agrougrou's ghost (8 damage)
             ... on level 3 of the Dungeon.
             The game lasted 00:06:58 (1945 turns).

Iscandelvey the Skirmisher (Hill Orc Fighter)       Turns: 1945, Time: 00:06:59

Health: -7/40      AC:  6    Str: 18    XL:     4   Next: 4%
Magic:  4/4        EV:  8    Int:  8    God:
Gold:   106        SH:  9    Dex: 11    Spells: 3/3 levels left

rFire    + . .     SeeInvis .   a - +0 war axe
rCold    . . .     Gourm    +   c - +0 shield
rNeg     . . .     Faith    .   w - +1 ring mail {rF+}
rPois    .         Spirit   .   (no helmet)
rElec    .         Reflect  .   (no cloak)
rCorr    .         Harm     .   (no gloves)
MR       .....                  (no boots)
Stlth    +.........             n - amulet of the gourmand
Regen    0.2/turn               (no ring)
MPRegen  0.1/turn               (no ring)

@: no status effects
A: no striking features
a: no special abilities


You were on level 3 of the Dungeon.
You were completely stuffed.

You visited 1 branch of the dungeon, and saw 3 of its levels.

You collected 106 gold pieces.

Inventory:

Hand Weapons
 a - a +0 war axe (weapon)
Missiles
 g - 3 poisoned tomahawks (quivered)
 h - 4 tomahawks
Armour
 b - a +0 scale mail
 c - a +0 shield (worn)
 w - a +1 ring mail of fire resistance (worn)
Jewellery
 n - an amulet of the gourmand (around neck)
Wands
 y - a wand of disintegration (16/24)
Scrolls
 e - a scroll of blinking {unknown}
 i - 3 scrolls of identify {unknown}
 k - a scroll of recharging {unknown}
 o - 2 scrolls of teleportation {unknown}
 p - 2 scrolls of amnesia {unknown}
 u - 2 scrolls of enchant armour {unknown}
 x - a scroll of fog {unknown}
Potions
 d - 2 potions of might
 j - 2 potions of brilliance {unknown}
 l - a potion of flight {unknown}
 m - a potion of mutation {unknown}
 r - a potion of heal wounds {unknown}
 t - 3 potions of curing {unknown}
 v - a potion of invisibility {unknown}
Comestibles
 f - 4 bread rations
 q - a royal jelly
 s - 4 fruits
 z - 3 chunks of flesh


   Skills:
 + Level 4.1 Fighting
 + Level 3.6 Axes
 + Level 3.4 Armour
 + Level 1.0 Dodging
 + Level 4.0 Shields


You had 3 spell levels left.
You didn't know any spells.

Dungeon Overview and Level Annotations

Branches:
Dungeon (3/15)

Altars:
Elyvilon

Annotations:
D:3 Agrougrou's ghost, amateur DsFi


Message History

You slash Agrougrou's ghost!
Agrougrou's ghost is moderately damaged.
Agrougrou's ghost closely misses you. You block Agrougrou's ghost's attack.
You barely miss Agrougrou's ghost.
Agrougrou's ghost is moderately damaged.
You block Agrougrou's ghost's attack.
You slash Agrougrou's ghost!
Agrougrou's ghost is severely damaged.
Agrougrou's ghost hits you!
You hit Agrougrou's ghost but do no damage.
Agrougrou's ghost is severely damaged.
Agrougrou's ghost hits you! x2
You barely miss Agrougrou's ghost.
Agrougrou's ghost is severely damaged.
Agrougrou's ghost hits you!
* * * LOW HITPOINT WARNING * * *
You hit Agrougrou's ghost.
Agrougrou's ghost is severely damaged.
Agrougrou's ghost closely misses you. Agrougrou's ghost hits you!
You die...

####.##.# #. #.......#
#. ####.#.#.#.#######.
#.....###..........
#.##.#.#.#.#####.#. #
#.##............
#.###.#.#####..#
#.#####.###......###.#
#...W@........##.# #.#
#######.###.##.. ..#.#
....... .#. >#.#
###.###. .# ... #.# #
.# #.# ..# .. #.# ###
########.# .......<.#
########..


You could see Agrougrou's ghost.

Vanquished Creatures
  An adder (D:2)
  A dart slug (D:1)
  2 ball pythons
  5 giant cockroaches
  4 goblins
  3 hobgoblins
  3 jackals (D:3)
  8 kobolds
  7 bats
  7 frilled lizards
  6 rats
47 creatures vanquished.

Notes
Turn   | Place    | Note
-------+----------+-------------------------------------------
     0 | D:1      | Iscandelvey the Hill Orc Fighter began the quest for the Orb.
     0 | D:1      | Reached XP level 1. HP: 19/19 MP: 1/1
   268 | D:1      | Reached XP level 2. HP: 27/27 MP: 2/2
   986 | D:2      | Reached XP level 3. HP: 29/33 MP: 3/3
  1255 | D:2      | Found a white marble altar of Elyvilon.
  1465 | D:2      | Reached skill level 1 in Dodging
  1886 | D:3      | Reached XP level 4. HP: 40/40 MP: 4/4
  1936 | D:3      | Noticed Agrougrou's ghost (amateur DsFi)
  1944 | D:3      | HP: 1/40 [Agrougrou's ghost (12)]
  1945 | D:3      | Mangled by Agrougrou's ghost

Skill      XL: |  1  2  3 |
---------------+----------+-----
Axes           | 3 |  3.6
Fighting       | 4 |  4.1
Dodging        | 1 |  1.0
Shields        | 4 |  4.0
Armour         | |  3.4

Action                   |  1- 3 |  4- 6 || total
-------------------------+-------+-------++-------
Melee: War axe           |   146 |    11 ||   157
  Eat: Chunk             |    22 |     1 ||    23
Armor: Scale mail        |   120 |       ||   120
       Ring mail         |    10 |     4 ||    14
Dodge: Dodged            |    92 |     5 ||    97
Block: Shield            |   115 |     3 ||   118
